[Event "ICC Open 2015"]
[Site "Internet Chess Club"]
[Date "2015.05.30"]
[Round "5"]
[White "kava"]
[Black "EREBUNI"]
[Result "1/2-1/2"]
[ICCResult "Black ran out of time and White has no material to mate"]
[WhiteElo "2867"]
[BlackElo "3056"]
[Opening "English opening"]
[ECO "A05"]
[NIC "QP.11"]
[Time "14:49:23"]
[TimeControl "180+0"]

1. Nf3 Nf6 2. c4 b6 3. g3 Bb7 4. Bg2 e6 5. O-O Be7 6. Re1 O-O 7. d4 d5 8.
cxd5 exd5 9. Bf4 Nbd7 10. Nc3 c5 11. e3 Ne4 12. h4 Ndf6 13. Ne5 Re8 14. Rc1
Nxc3 15. bxc3 Bd6 16. Qa4 Ne4 17. c4 Bxe5 18. Bxe5 dxc4 19. Rxc4 Qd5 20. Qc2
f6 21. dxc5 Qxe5 22. c6 Bxc6 23. Rxc6 Rad8 24. Rd1 Nc5 25. Qc4+ Kf8 26. Rxd8
Rxd8 27. a4 h6 28. a5 Nd7 29. Rc7 Qd6 30. Rxa7 Ne5 31. Qe4 Qd1+ 32. Bf1 Nf3+
33. Kg2 Qxf1+ 34. Kxf1 Nd2+ 35. Ke2 Nxe4 36. axb6 Rb8 37. b7 Ke7 38. Kf3 Nd6
39. h5 Rxb7 40. Ra6 Rb5 41. g4 Rb7 42. Kf4 Rd7 43. f3 Kf7 44. e4 Ne8 45. e5
Nc7 46. Ra5 Ne6+ 47. Kg3 fxe5 48. Rxe5 Kf6 49. Rf5+ Ke7 50. Re5 Rd6 51. Re4
Kf7 52. Re3 Rd4 53. Kf2 Rd6 54. Re2 Ke7 55. Re4 Kd7 56. Re3 Rd5 57. Re2 Kd6
58. Re3 Nd4 59. Kg3 Rc5 60. Kf2 Ne6 61. Kg3 Re5 62. Re4 Rxe4 63. fxe4 Ke5
64. Kf3 Ng5+ 65. Ke3 Nxe4 66. Kf3 Ng5+ 67. Kg3 Ke4 68. Kh4 Ke3 69. Kg3 Ke2
70. Kh4 Nf7 71. Kg3 Ke3 72. Kh4 Kf4 73. Kh3 Ng5+ 74. Kh4 Nf3+ 75. Kh3 Ne5
76. Kh4 Nxg4 77. Kh3 Nf6 78. Kh4 Kf5 79. Kh3 Nxh5 80. Kg2 Nf6 81. Kh2 Kg6
82. Kg2 Kh5 83. Kf2 g6 84. Kg1 g5 85. Kh1 g4 86. Kg1 Ne4 87. Kh1 Ng3+ 88.
Kg1 Nf5 89. Kh1 Kh4 90. Kh2 g3+ 91. Kg1 Kg4 92. Kf1 Ne3+ 93. Kg1 Nf5 94. Kh1
h5 95. Kg1 h4 96. Kf1 h3 97. Kg1 g2 98. Kf2 Kf4 99. Ke2
{Black ran out of time and White has no material to mate}
1/2-1/2

[Event "ICC Open 2015"]
[Site "Internet Chess Club"]
[Date "2015.05.30"]
[Round "5"]
[White "gsvc"]
[Black "Ricotero"]
[Result "1-0"]
[ICCResult "Black forfeits on time"]
[WhiteElo "2647"]
[BlackElo "2051"]
[Opening "Latvian counter-gambit"]
[ECO "C40"]
[NIC "KP.09"]
[Time "14:49:00"]
[TimeControl "180+0"]

1. e4 e5 2. Nf3 f5 3. Nxe5 Qf6 4. d4 d6 5. Nc4 fxe4 6. Nc3 Qg6 7. Ne3 c6 8.
d5 Nf6 9. Be2 Be7 10. O-O Nbd7 11. f3 exf3 12. Bxf3 Ne5 13. dxc6 bxc6 14.
Nc4 Nxf3+ 15. Qxf3 O-O 16. Qxc6 Bd7 17. Nd5 Qxg2+ 18. Kxg2 Bxc6 19. Kg1 Nxd5
20. Bd2 Rxf1+ 21. Rxf1 Nf6 22. Na5 Bd7 23. c4 Rb8 24. b4 d5 25. c5 Bb5 26.
Re1 Ne4 27. Bf4 Rf8 28. Be3 Bh4 29. Rd1 Rd8 30. c6 Nc3 31. Rd2 Rc8 32. Bxa7
Bxc6 33. Bd4 Ne4 34. Rc2 Bd7 35. Rxc8+ Bxc8 36. b5 Bd8 37. Nc6 Bf6 38. Bxf6
gxf6 39. Ne7+ Kf7 40. Nxc8 Nc5 41. b6 Ke6 42. Na7 Nb7 43. Nb5 Ke5 44. Kf2 d4
45. Ke2 Kd5 46. a4 Kc5 47. Kd3 Kxb6 48. Kxd4 Nc5 49. Nc3 Na6 50. Kc4 Kc6 51.
a5 h5 52. h4 f5 53. Kd4 f4 54. Ke4 f3 55. Kxf3 Kc5 56. Kf4 Kc4 57. Ne4 Kb5
58. Kg5 Kxa5 59. Kxh5 Nc7 60. Kg6 Ne6 61. Kf6 {Black forfeits on time} 1-0

[Event "ICC Open 2015"]
[Site "Internet Chess Club"]
[Date "2015.05.30"]
[Round "5"]
[White "HaraldEskilstu"]
[Black "tristanfran"]
[Result "1-0"]
[ICCResult "Black forfeits on time"]
[WhiteElo "2026"]
[BlackElo "1857"]
[Opening "Sicilian: closed"]
[ECO "B24"]
[NIC "SI.44"]
[Time "14:49:58"]
[TimeControl "180+0"]

1. e4 c5 2. Nc3 Nc6 3. g3 d6 4. Bg2 e5 5. d3 f5 6. Nge2 Nf6 7. Bg5 Be7 8.
Bxf6 Bxf6 9. exf5 Bxf5 10. Nd5 O-O 11. c3 Be6 12. O-O Rb8 13. f4 Qd7 14. Qd2
Ne7 15. Nxe7+ Qxe7 16. Rae1 Qd7 17. fxe5 Bxe5 18. Nf4 Bg4 19. Nd5 Bh3 20.
Bxh3 Qxh3 21. Qg2 Qg4 22. Re4 Qg5 23. Ree1 b5 24. a3 a5 25. Rxf8+ Rxf8 26.
Rf1 b4 27. Rxf8+ Kxf8 28. axb4 axb4 29. cxb4 Bd4+ 30. Kf1 Qc1+ 31. Ke2 Qxb2+
32. Kf3 Qd2 33. Qe2 Qxe2+ 34. Kxe2 cxb4 35. Nxb4 Ke7 36. Kf3 Ke6 37. Ke4 Bc5
38. Nd5 Ba7 39. h3 g6 40. g4 Bb8 41. Nf4+ Kf6 42. d4 Ke7 43. Kd5 Kd7 44. g5
Bc7 45. h4 Bd8 46. Ne6 h6 47. Nxd8 hxg5 48. hxg5 Kxd8 49. Kxd6 Ke8 50. Ke5
Kf7 51. d5 Ke7 52. d6+ Kd7 53. Kf6 Kc6 54. Kxg6 Kc5 55. Kh7 Kc4 56. g6 Kc3
57. g7 Kc2 58. g8=Q Kd2 59. Qg5+ {Black forfeits on time} 1-0

[Event "ICC Open 2015"]
[Site "Internet Chess Club"]
[Date "2015.05.30"]
[Round "5"]
[White "canpawn"]
[Black "Massarioli"]
[Result "0-1"]
[ICCResult "White checkmated"]
[WhiteElo "1485"]
[BlackElo "2153"]
[Opening "Van't Kruijs opening"]
[ECO "A00"]
[Time "14:50:17"]
[TimeControl "180+0"]

1. e3 d5 2. d4 Nf6 3. c4 c6 4. Nc3 a6 5. Nf3 b5 6. cxb5 cxb5 7. Be2 Bb7 8.
O-O e6 9. Nb1 Nc6 10. Nbd2 Bd6 11. a3 O-O 12. b4 Qe7 13. Nb3 e5 14. Nc5 e4
15. Nd2 Bc8 16. Bh5 g6 17. Be2 h5 18. Bb2 Ng4 19. h3 Qh4 20. g3 Bxg3 21.
Bxg4 hxg4 22. Ndxe4 dxe4 23. Nxe4 Bb8 24. d5 Qxh3 25. Nf6+ Kg7 26. Nh5+ Kh6
27. Nf4 Bxf4 28. exf4 Ne7 29. Bf6 Nf5 30. Bg5+ Kh5 31. Qd2 f6 32. f3 fxg5
33. Rf2 g3 34. Rg2 Nh4 35. fxg5 Nxf3+ 36. Kf1 Nxd2+ 37. Kg1 Nf3+ 38. Kf1
Nh4+ 39. Ke2 Qxg2+ 40. Kd3 Bf5+ 41. Kd4 Qe4+ 42. Kc5 Rac8+ 43. Kd6 Rfd8#
{White checkmated}
0-1

[Event "ICC Open 2015"]
[Site "Internet Chess Club"]
[Date "2015.05.30"]
[Round "5"]
[White "unkavalo"]
[Black "Swedchamp"]
[Result "0-1"]
[ICCResult "White forfeits on time"]
[WhiteElo "2510"]
[BlackElo "2266"]
[Opening "English: four knights, 4.e3"]
[ECO "A28"]
[NIC "EO.06"]
[Time "14:49:16"]
[TimeControl "180+0"]

1. c4 e5 2. Nc3 Nf6 3. Nf3 Nc6 4. e3 d5 5. cxd5 Nxd5 6. Bb5 Qd6 7. O-O Bd7
8. d4 Nxc3 9. bxc3 e4 10. Nd2 f5 11. a4 Qh6 12. Rb1 Bd6 13. f4 g5 14. Nc4
gxf4 15. Nxd6+ Qxd6 16. Rxf4 O-O-O 17. c4 a6 18. c5 Qg6 19. Bf1 Ne7 20. d5
Kb8 21. Bb2 Rhg8 22. Be5 Bc6 23. d6 Nd5 24. g3 cxd6 25. Bxd6+ Rxd6 26. cxd6
Nxf4 27. exf4 h5 28. Bxa6 h4 29. d7 Qf6 30. Qb3 Qd4+ 31. Kf1 Rd8 32. Bxb7
Bxa4 33. Qb4 Qxb4 34. Rxb4 Bxd7 35. gxh4 Kc7 36. Kf2 Rb8 37. Bxe4 Rxb4 38.
Bf3 Rxf4 {White forfeits on time} 0-1

[Event "ICC Open 2015"]
[Site "Internet Chess Club"]
[Date "2015.05.30"]
[Round "5"]
[White "Aladdin"]
[Black "Neurisdr"]
[Result "0-1"]
[ICCResult "White checkmated"]
[WhiteElo "2392"]
[BlackElo "2901"]
[Opening "Sicilian: Najdorf, Byrne (English) attack"]
[ECO "B90"]
[NIC "SI.14"]
[Time "14:51:06"]
[TimeControl "180+0"]

1. e4 c5 2. Nf3 d6 3. d4 cxd4 4. Nxd4 Nf6 5. Nc3 a6 6. Be3 e5 7. Nb3 Be7 8.
Qd2 Ng4 9. g3 Nxe3 10. Qxe3 Bg5 11. f4 exf4 12. gxf4 Bh4+ 13. Kd2 g5 14. f5
g4 15. Qd4 Bf6 16. Qd5 Bg5+ 17. Ke1 Bf4 18. h4 Nc6 19. Bc4 Qe7 20. Kf1 Ne5
21. Be2 h5 22. Rd1 Nc6 23. Nd4 Bd7 24. Nxc6 bxc6 25. Qd4 Be5 26. Qe3 Rb8 27.
b3 a5 28. Na4 f6 29. Bc4 Rb4 30. Kg2 Rxc4 31. bxc4 O-O 32. c5 Be8 33. cxd6
Bxd6 34. Rd3 Bf7 35. Rhd1 Bb8 36. e5 Bxe5 37. Nc5 Bd5+ 38. Kg1 Re8 39. Ne6
Bxe6 40. fxe6 Qxe6 41. Rd8 Bh2+ 42. Kf2 Qxe3+ 43. Kg2 Qh3+ 44. Kf2 Qf3#
{White checkmated}
0-1

[Event "ICC Open 2015"]
[Site "Internet Chess Club"]
[Date "2015.05.30"]
[Round "5"]
[White "pagoda"]
[Black "delerio"]
[Result "0-1"]
[ICCResult "White forfeits on time"]
[WhiteElo "1943"]
[BlackElo "2573"]
[Opening "Vienna game"]
[ECO "C27"]
[NIC "VG.02"]
[Time "14:51:21"]
[TimeControl "180+0"]

1. Nc3 Nf6 2. e4 e5 3. Bc4 Nxe4 4. Qh5 Nd6 5. Qxe5+ Be7 6. Bb3 Nc6 7. Qd5
O-O 8. Nf3 Bf6 9. O-O Re8 10. d3 Ne7 11. Qh5 g6 12. Qh6 Nef5 13. Qh3 Nd4 14.
Nxd4 Bxd4 15. Bd2 c6 16. Rae1 Nf5 17. Rxe8+ Qxe8 18. Re1 Qf8 19. g4 Ng7 20.
Ne4 d5 21. Ng5 h5 22. Qh4 Bf6 23. gxh5 Nxh5 24. Kh1 Bf5 25. Rg1 Qe7 26. a4
Re8 27. a5 Qe2 {White forfeits on time} 0-1

[Event "ICC Open 2015"]
[Site "Internet Chess Club"]
[Date "2015.05.30"]
[Round "5"]
[White "lemanofzorn"]
[Black "Nightlife"]
[Result "0-1"]
[ICCResult "White checkmated"]
[WhiteElo "1435"]
[BlackElo "1703"]
[Opening "QGD: 3...Nf6"]
[ECO "D35"]
[NIC "QO.16"]
[Time "14:49:34"]
[TimeControl "180+0"]

1. d4 Nf6 2. c4 e6 3. Nc3 d5 4. Qc2 c5 5. dxc5 Bxc5 6. cxd5 O-O 7. Bf4 Qb6
8. e3 exd5 9. Nf3 Nc6 10. O-O-O Nb4 11. Qb3 Be6 12. Na4 Qc6 13. Nd4 Qc8 14.
Nxc5 Qxc5+ 15. Kb1 Rfc8 16. Be2 Ne4 17. f3 Nf6 18. Rc1 Qb6 19. Bb5 a5 20. a3
Na6 21. Bxa6 Qxa6 22. Rxc8+ Rxc8 23. Rc1 Rxc1+ 24. Kxc1 Qf1+ 25. Kd2 Qxg2+
26. Ne2 d4 27. Qxb7 dxe3+ 28. Bxe3 h6 29. Qb8+ Kh7 30. Qd6 Bc4 31. Kc3 Qxe2
32. Qf4 Nd5+ 33. Kd4 Nxf4 34. Bxf4 Qd3+ 35. Kc5 Qd5+ 36. Kb6 Qb5+ 37. Kc7
Qxb2 38. Kd6 Qxa3+ 39. Kd7 Be6+ 40. Kc7 Qc3+ 41. Kd8 a4 42. Bc7 a3 43. Bd6
a2 44. Be5 Qxe5 45. Ke7 Qc7+ 46. Kf8 Qd8# {White checkmated} 0-1

[Event "ICC Open 2015"]
[Site "Internet Chess Club"]
[Date "2015.05.30"]
[Round "5"]
[White "leonardoalmeida"]
[Black "want2win"]
[Result "0-1"]
[ICCResult "White forfeits on time"]
[WhiteElo "1834"]
[BlackElo "2387"]
[Opening "Van't Kruijs opening"]
[ECO "A00"]
[Time "14:51:46"]
[TimeControl "180+0"]

1. e3 e6 2. b3 Nf6 3. Bb2 Be7 4. Qf3 O-O 5. Nc3 d5 6. Qg3 Nbd7 7. Be2 c5 8.
Nh3 a6 9. O-O b5 10. f4 Bb7 11. Nf2 b4 12. Na4 Nb6 13. Nxb6 Qxb6 14. h4 a5
15. h5 Ba6 16. Bxa6 Rxa6 17. h6 g6 18. Rfe1 Ne4 19. Nxe4 dxe4 20. Rf1 f5 21.
Rad1 a4 22. d3 axb3 23. axb3 Ra2 24. Rb1 exd3 25. cxd3 Rd8 26. e4 c4+ 27.
Kh1 Rxd3 28. Qe1 c3 29. Bc1 Qc6 30. Rf2 Rxf2 31. Qxf2 Qxe4 32. Ra1 Kf7 33.
Kh2 Rd1 34. Ra7 Rxc1 35. Rxe7+ Kxe7 36. Qa7+ Kd6 37. Qb6+ Kd5 38. Qb7+ Kd4
39. Qxb4+ Ke3 40. Qc5+ Ke2 41. Qc7 c2 42. b4 Rf1 43. Qc4+ Qxc4
{White forfeits on time}
0-1

[Event "ICC Open 2015"]
[Site "Internet Chess Club"]
[Date "2015.05.30"]
[Round "5"]
[White "malomba"]
[Black "FytinFrank"]
[Result "0-1"]
[ICCResult "White forfeits on time"]
[WhiteElo "930"]
[BlackElo "2009"]
[Opening "Queen's pawn game"]
[ECO "A46"]
[NIC "QP.06"]
[Time "14:52:58"]
[TimeControl "180+0"]

1. d4 Nf6 2. Nf3 c5 3. dxc5 e6 4. b4 a5 5. Bd2 axb4 6. Bxb4 Na6 7. Qd2 Nxb4
8. Qxb4 Ra5 9. e3 Bxc5 10. Qc4 O-O 11. Be2 d5 12. Qh4 Qb6 13. Ng5 Qb2 14.
O-O Qxa1 15. Nd2 Qxa2 16. Bd3 h6 17. Ngf3 Bd7 {White forfeits on time} 0-1

[Event "ICC Open 2015"]
[Site "Internet Chess Club"]
[Date "2015.05.30"]
[Round "5"]
[White "suilven"]
[Black "boveymvp"]
[Result "0-1"]
[ICCResult "White resigns"]
[WhiteElo "1843"]
[BlackElo "1602"]
[Opening "Sicilian: O'Kelly variation"]
[ECO "B28"]
[NIC "SI.43"]
[Time "14:51:41"]
[TimeControl "180+0"]

1. e4 c5 2. Nf3 a6 3. d4 cxd4 4. Nxd4 e5 5. Nf3 Nc6 6. Be2 Nf6 7. Nbd2 Bc5
8. O-O O-O 9. b3 Re8 10. Bb2 d5 11. exd5 Nxd5 12. Nc4 f6 13. a3 Be6 14. Re1
Nf4 15. Bf1 Qc7 16. b4 Rad8 17. Qc1 Ba7 18. Ne3 Qf7 19. g3 Qg6 20. Nh4 Qg5
21. Kh1 Nd5 22. Nxd5 Bxd5+ 23. Bg2 Bxg2+ 24. Nxg2 Bxf2 25. Qxg5 fxg5 26. Rf1
Bd4 27. Bxd4 Nxd4 28. c3 Nb3 29. Rad1 Nd2 30. Rfe1 e4 31. Ne3 Rd3 32. c4 Nf3
33. Rxd3 exd3 34. Kg2 Nxe1+ {White resigns} 0-1

[Event "ICC Open 2015"]
[Site "Internet Chess Club"]
[Date "2015.05.30"]
[Round "5"]
[White "TacticsTime"]
[Black "born2die"]
[Result "0-1"]
[ICCResult "White forfeits on time"]
[WhiteElo "1295"]
[BlackElo "1609"]
[Opening "Scandinavian (center counter) defense"]
[ECO "B01"]
[NIC "VO.17"]
[Time "14:52:54"]
[TimeControl "180+0"]

1. e4 d5 2. Nc3 d4 3. Nce2 e5 4. d3 Be7 5. f4 f6 6. Nf3 Bg4 7. fxe5 Bxf3 8.
gxf3 fxe5 9. Rg1 Bh4+ 10. Kd2 Bg5+ 11. Ke1 Nc6 12. Bxg5 Nf6 13. f4 Qd6 14.
fxe5 Nxe5 15. Bf4 Nfd7 16. Rxg7 Qf6 17. Rg3 O-O-O 18. c4 h5 19. Bxe5 Nxe5
20. Bg2 h4 21. Rh3 Rhg8 22. Bf3 Nxf3+ 23. Rxf3 Qxf3 24. Kd2 Rg2 25. b4 Qe3+
26. Kc2 Rxe2+ 27. Kb3 Rd2 {White forfeits on time} 0-1

[Event "ICC Open 2015"]
[Site "Internet Chess Club"]
[Date "2015.05.30"]
[Round "5"]
[White "Tut"]
[Black "Talion"]
[Result "1-0"]
[ICCResult "Black forfeits on time"]
[WhiteElo "3205"]
[BlackElo "2851"]
[Opening "QGD Slav defense"]
[ECO "D10"]
[NIC "SL.01"]
[Time "14:51:55"]
[TimeControl "180+0"]

1. d4 d5 2. c4 c6 3. e3 Nf6 4. Bd3 g6 5. Nf3 Bg7 6. O-O O-O 7. Nc3 Qb6 8. h3
Be6 9. b3 Na6 10. Re1 Rfd8 11. Qe2 Nb4 12. Bb1 Qa6 13. c5 Qxe2 14. Nxe2 Bf5
15. Bxf5 gxf5 16. Rd1 Ne4 17. Ne1 b6 18. a3 Na6 19. b4 bxc5 20. f3 Ng5 21.
bxc5 Nxc5 22. Rb1 Na4 23. Rb7 Bf6 24. Ng3 Rdb8 25. Rxb8+ Rxb8 26. Nxf5 Rb1
27. Nd3 e6 28. Nh6+ Kg7 29. Ng4 h5 30. Nxf6 Kxf6 31. e4 Nc3 32. e5+ Kg7 33.
Rf1 Nh7 34. Kf2 Kg8 35. Ke3 Nf8 36. Kd2 Nb5 37. Re1 Nxd4 38. Kc3 Nf5 39. Kc2
Rb8 40. g4 Nd4+ 41. Kc3 Nxf3 42. Rf1 hxg4 43. hxg4 Nh4 44. Bg5 Nhg6 45. Bf6
Nd7 46. g5 c5 47. Rf2 c4 48. Nb4 a5 49. Nc6 Rb3+ 50. Kc2 Nxf6 51. exf6 e5
52. Ne7+ Nxe7 53. fxe7 Rb8 54. Rf5 Re8 55. Rxe5 d4 56. Re4 d3+ 57. Kc3 Kg7
58. Kxc4 d2 59. Rd4 Rxe7 60. Rxd2 Re5 61. Rg2 Kg6 62. Kd4 Rxg5 63. Rb2 Rg4+
64. Ke5 f6+ 65. Ke6 Re4+ 66. Kd5 Re3 67. Rg2+ Kf5 68. a4 Ra3 69. Rf2+ Kg6
70. Rf4 Kg5 71. Rc4 f5 72. Ke6 Re3+ 73. Kd5 f4 74. Kd4 Kg4 75. Rc8 Rf3 76.
Rg8+ {Black forfeits on time} 1-0

[Event "ICC Open 2015"]
[Site "Internet Chess Club"]
[Date "2015.05.30"]
[Round "5"]
[White "TudoracheM"]
[Black "Chaos23"]
[Result "0-1"]
[ICCResult "White resigns"]
[WhiteElo "1821"]
[BlackElo "2035"]
[Opening "Ruy Lopez: closed, Smyslov defense"]
[ECO "C93"]
[NIC "RL.22"]
[Time "14:56:30"]
[TimeControl "180+0"]

1. e4 e5 2. Nf3 Nc6 3. Bb5 a6 4. Ba4 Nf6 5. O-O Be7 6. Re1 b5 7. Bb3 d6 8.
c3 O-O 9. h3 h6 10. d3 Re8 11. Qe2 Bf8 12. Be3 g6 13. Nbd2 Bg7 14. Nf1 Nh5
15. g4 Nf4 16. Bxf4 exf4 17. d4 h5 18. N1h2 Rb8 19. a4 Na5 20. Ba2 bxa4 21.
Qc2 Bd7 22. Kg2 hxg4 23. hxg4 Nb3 24. Rad1 f5 25. e5 fxg4 26. Qxg6 gxf3+ 27.
Nxf3 Re6 28. Qe4 Qe8 29. Bb1 Rh6 30. Rh1 Kf8 31. Rxh6 Bxh6 32. Rh1 Bg7 33.
Ng5 dxe5 34. Nh7+ Ke7 35. dxe5 Nd2 36. Qd5 Nxb1 37. Rxb1 Qg6+ 38. Kf3 Bc6
{White resigns}
0-1

[Event "ICC Open 2015"]
[Site "Internet Chess Club"]
[Date "2015.05.30"]
[Round "6"]
[White "chesstempo2"]
[Black "DarkThrone"]
[Result "0-1"]
[ICCResult "White resigns"]
[WhiteElo "1964"]
[BlackElo "2420"]
[Opening "Queen's pawn game"]
[ECO "D04"]
[NIC "QP.08"]
[Time "15:02:39"]
[TimeControl "180+0"]

1. d4 d5 2. Nf3 Nf6 3. e3 c6 4. Bd3 Bg4 5. Nbd2 e6 6. O-O Nbd7 7. b3 Bd6 8.
Bb2 O-O 9. Qe1 Qc7 10. c4 a5 11. a3 e5 12. dxe5 Nxe5 13. Nxe5 Bxe5 14. Bxe5
Qxe5 15. h3 Be6 16. Nf3 Qh5 17. cxd5 Bxh3 18. gxh3 Qxf3 19. dxc6 Qxh3 20. f3
bxc6 21. Qf2 Rad8 22. Rfd1 Rd5 23. Bc4 Rg5+ {White resigns} 0-1

[Event "ICC Open 2015"]
[Site "Internet Chess Club"]
[Date "2015.05.30"]
[Round "6"]
[White "Inmune"]
[Black "aplusk"]
[Result "1/2-1/2"]
[ICCResult "Game drawn by repetition"]
[WhiteElo "3005"]
[BlackElo "2911"]
[Opening "Trompowsky attack (Ruth, Opocenský opening)"]
[ECO "A45"]
[NIC "QP.07"]
[Time "15:03:11"]
[TimeControl "180+0"]

1. d4 Nf6 2. Bg5 c5 3. Bxf6 gxf6 4. d5 Qb6 5. Qc1 f5 6. c4 Bg7 7. Nc3 d6 8.
e3 Nd7 9. Nf3 Ne5 10. Be2 Nxf3+ 11. Bxf3 Bd7 12. O-O a6 13. a3 Qb3 14. Be2
b5 15. cxb5 axb5 16. Bd1 Qc4 17. Be2 Qb3 18. Bd1 Qc4 19. Be2 Qb3
{Game drawn by repetition}
1/2-1/2

[Event "ICC Open 2015"]
[Site "Internet Chess Club"]
[Date "2015.05.30"]
[Round "6"]
[White "rovov"]
[Black "LordKinbote"]
[Result "1-0"]
[ICCResult "Black resigns"]
[WhiteElo "1602"]
[BlackElo "1389"]
[Opening "Queen's pawn game, Chigorin variation"]
[ECO "A04"]
[NIC "QP.11"]
[Time "15:02:39"]
[TimeControl "180+0"]

1. Nf3 Nc6 2. d4 d5 3. c4 Nf6 4. cxd5 Nxd5 5. e4 Nf6 6. Nc3 e6 7. Bb5 Bd7 8.
O-O Be7 9. Bg5 O-O 10. d5 exd5 11. Nxd5 Nxd5 12. exd5 Bxg5 13. Nxg5 Qxg5 14.
dxc6 Bg4 15. Be2 Bxe2 16. Qxe2 bxc6 17. Rac1 c5 18. Qc4 Rfd8 19. Qxc5 Rd2
20. Qxg5 {Black resigns} 1-0

[Event "ICC Open 2015"]
[Site "Internet Chess Club"]
[Date "2015.05.30"]
[Round "6"]
[White "VictorRed"]
[Black "flinkfinger"]
[Result "0-1"]
[ICCResult "White resigns"]
[WhiteElo "1817"]
[BlackElo "2333"]
[Opening "Queen's pawn game"]
[ECO "A46"]
[NIC "QP.06"]
[Time "15:02:55"]
[TimeControl "180+0"]

1. d4 Nf6 2. Nf3 e6 3. g3 c5 4. Bg2 Nc6 5. O-O cxd4 6. Nxd4 Qb6 7. Nxc6 bxc6
8. Nc3 d5 9. Rb1 Be7 10. a3 O-O 11. Be3 Qc7 12. Na2 a5 13. Rc1 Rb8 14. b3
Bxa3 15. Rb1 Be7 16. c4 Ba6 17. Nc3 Rfd8 18. Na4 dxc4 19. bxc4 Rxd1
{White resigns}
0-1

[Event "ICC Open 2015"]
[Site "Internet Chess Club"]
[Date "2015.05.30"]
[Round "6"]
[White "druskacik"]
[Black "ziwenzhou"]
[Result "1-0"]
[ICCResult "Black resigns"]
[WhiteElo "2449"]
[BlackElo "2005"]
[Opening "Sicilian: Najdorf, Adams attack"]
[ECO "B90"]
[NIC "SI.14"]
[Time "15:03:19"]
[TimeControl "180+0"]

1. e4 c5 2. Nf3 d6 3. d4 cxd4 4. Nxd4 Nf6 5. Nc3 a6 6. h3 e5 7. Nde2 Be6 8.
g4 Be7 9. Bg2 Nbd7 10. O-O b5 11. a4 b4 12. Nd5 Bxd5 13. exd5 Nc5 14. Ng3 g6
15. f4 exf4 16. Bxf4 O-O 17. Qd4 a5 18. Bh6 Re8 19. g5 {Black resigns} 1-0

[Event "ICC Open 2015"]
[Site "Internet Chess Club"]
[Date "2015.05.30"]
[Round "6"]
[White "JAscorpio"]
[Black "auket40"]
[Result "0-1"]
[ICCResult "White checkmated"]
[WhiteElo "1178"]
[BlackElo "1611"]
[Opening "Queen's pawn: London system"]
[ECO "A45"]
[NIC "QP.07"]
[Time "15:03:40"]
[TimeControl "180+0"]

1. d4 Nf6 2. Bf4 g6 3. e3 Bg7 4. h3 d6 5. Nf3 c6 6. Bd3 Nbd7 7. Nbd2 a6 8.
Qe2 b5 9. a3 Nd5 10. Ng5 Nxf4 11. exf4 O-O 12. h4 Nf6 13. Qd1 e5 14. dxe5
dxe5 15. fxe5 Ng4 16. Be2 Nxe5 17. h5 Bf5 18. g4 Qxg5 19. gxf5 Qxf5 20. hxg6
fxg6 21. Bd3 Qxf2# {White checkmated} 0-1

[Event "ICC Open 2015"]
[Site "Internet Chess Club"]
[Date "2015.05.30"]
[Round "6"]
[White "SPARNALIQ"]
[Black "Psycho-Cowboy"]
[Result "1-0"]
[ICCResult "Black resigns"]
[WhiteElo "2803"]
[BlackElo "2458"]
[Opening "French defense"]
[ECO "C01"]
[NIC "FR.01"]
[Time "15:02:57"]
[TimeControl "180+0"]

1. e4 e6 2. d4 b6 3. Nc3 Bb7 4. Nf3 d6 5. Bd3 Nd7 6. Bg5 Ne7 7. Qd2 h6 8.
Bh4 g5 9. Bg3 Bg7 10. O-O-O a6 11. h4 g4 12. Nh2 h5 13. f3 e5 14. dxe5 dxe5
15. fxg4 b5 16. Kb1 Nb6 17. Qg5 Ng6 18. Qf5 Bc8 19. Bxb5+ Bd7 20. Bxd7+ Nxd7
21. gxh5 Ne7 22. Qf3 Qb8 23. Rxd7 Kxd7 24. Qxf7 Qb4 25. Rd1+ Kc6 26. a3 Qc5
27. Bf2 Rhf8 28. Qe6+ {Black resigns} 1-0

[Event "ICC Open 2015"]
[Site "Internet Chess Club"]
[Date "2015.05.30"]
[Round "6"]
[White "chessassassin"]
[Black "chessdjw"]
[Result "0-1"]
[ICCResult "White resigns"]
[WhiteElo "1950"]
[BlackElo "2344"]
[Opening "Benoni: fianchetto, 11...Re8"]
[ECO "A62"]
[NIC "BI.22"]
[Time "15:02:40"]
[TimeControl "180+0"]

1. d4 Nf6 2. c4 e6 3. g3 c5 4. d5 exd5 5. cxd5 d6 6. Nc3 g6 7. Bg2 Bg7 8.
Nf3 O-O 9. O-O Re8 10. Nd2 a6 11. a4 Nbd7 12. Nc4 Ne5 13. Nxe5 Rxe5 14. Bf4
Re8 15. e4 Ng4 16. h3 Ne5 17. Re1 Bd7 18. a5 Bb5 19. Nxb5 axb5 20. Qb3 Rxa5
21. Bxe5 Bxe5 22. f4 Bd4+ 23. Kh2 h5 24. Qf3 h4 25. Rab1 hxg3+ 26. Qxg3 Ra2
27. f5 Be5 {White resigns} 0-1

[Event "ICC Open 2015"]
[Site "Internet Chess Club"]
[Date "2015.05.30"]
[Round "6"]
[White "sanjithc"]
[Black "wolwerine"]
[Result "0-1"]
[ICCResult "White resigns"]
[WhiteElo "1894"]
[BlackElo "2173"]
[Opening "Sicilian: closed"]
[ECO "B23"]
[NIC "SI.44"]
[Time "15:03:33"]
[TimeControl "180+0"]

1. e4 c5 2. Nc3 e6 3. g3 a6 4. Bg2 d6 5. Nge2 Nc6 6. d3 Nge7 7. f4 g6 8. h3
Bg7 9. g4 O-O 10. O-O f5 11. Qe1 Bd7 12. Qh4 b5 13. g5 Nd4 14. Nxd4 Bxd4+
15. Kh1 Bc6 16. Qg3 Rc8 17. h4 b4 18. Ne2 Bg7 19. h5 c4 20. h6 Bh8 21. Be3
cxd3 22. cxd3 fxe4 23. Bxe4 Bxe4+ 24. dxe4 Rc2 25. Nd4 Rxb2 26. Nxe6 Qa8 27.
Nxf8 Qxe4+ 28. Kg1 Kxf8 29. Rae1 Nf5 30. Qf3 Qxf3 31. Rxf3 Nxe3 32. Rfxe3
Bd4 33. Re2 Rxe2 {White resigns} 0-1

[Event "ICC Open 2015"]
[Site "Internet Chess Club"]
[Date "2015.05.30"]
[Round "6"]
[White "born2die"]
[Black "Judge-Dread"]
[Result "1-0"]
[ICCResult "Black resigns"]
[WhiteElo "1611"]
[BlackElo "1124"]
[Opening "KGA: Fischer defense"]
[ECO "C30"]
[NIC "KG.05"]
[Time "15:03:02"]
[TimeControl "180+0"]

1. e4 e5 2. f4 d6 3. Nf3 exf4 4. d4 Qf6 5. Bd3 Bg4 6. O-O g6 7. h3 Bxf3 8.
Qxf3 Bh6 9. c3 Ne7 10. Bxf4 Bxf4 11. Qxf4 Qg7 12. Nd2 O-O 13. Rf2 d5 14.
Raf1 dxe4 15. Nxe4 Nbc6 16. Nf6+ Kh8 17. Be4 Rad8 18. Ng4 h5 19. Nh6 Kh7 20.
Nxf7 Nf5 21. Ng5+ Kg8 22. Bxf5 gxf5 23. Ne6 Qe7 24. Nxf8 Qxf8 25. Qxf5
{Black resigns}
1-0

[Event "ICC Open 2015"]
[Site "Internet Chess Club"]
[Date "2015.05.30"]
[Round "6"]
[White "cirobur"]
[Black "BennieHill"]
[Result "0-1"]
[ICCResult "White resigns"]
[WhiteElo "1103"]
[BlackElo "1228"]
[Opening "King's gambit"]
[ECO "C30"]
[NIC "KG.05"]
[Time "15:03:33"]
[TimeControl "180+0"]

1. e4 e5 2. f4 d6 3. Nf3 Bg4 4. h3 Bh5 5. g4 Bxg4 6. hxg4 Nf6 7. Nc3 Nxg4 8.
Bh3 Nf6 9. fxe5 dxe5 10. Nxe5 Nbd7 11. Nxd7 Nxd7 12. d3 Qh4+ 13. Kf1 Bc5 14.
Qf3 O-O 15. Bg2 Qf6 16. Qxf6 Nxf6 17. Bg5 Ng4 18. Nd5 h6 19. Bh4 c6 20. Nf4
Ne3+ 21. Kf2 Nxc2+ {White resigns} 0-1

[Event "ICC Open 2015"]
[Site "Internet Chess Club"]
[Date "2015.05.30"]
[Round "6"]
[White "FytinFrank"]
[Black "killer-queen"]
[Result "0-1"]
[ICCResult "White checkmated"]
[WhiteElo "2007"]
[BlackElo "2441"]
[Opening "Vienna: Paulsen variation"]
[ECO "C25"]
[NIC "VG.04"]
[Time "15:03:29"]
[TimeControl "180+0"]

1. e4 e5 2. Nc3 Nc6 3. g3 Nf6 4. Bg2 Bc5 5. Nge2 a6 6. h3 O-O 7. d3 h6 8.
O-O Ne7 9. Kh2 d5 10. exd5 Nexd5 11. Ne4 Nxe4 12. dxe4 Nf6 13. Qe1 Qe7 14.
Nc3 c6 15. f4 exf4 16. gxf4 Bb4 17. Bd2 Re8 18. e5 Bxc3 19. Bxc3 Nd5 20.
Bxd5 cxd5 21. f5 Qg5 22. f6 g6 23. Qf2 Bf5 24. Rg1 Qh5 25. Raf1 Qxh3#
{White checkmated}
0-1